 Dungeon Crawl Stone Soup version 0.29-a0-620-g13ace881f2 (webtiles) character file.

Game seed: 14690997179787348678

21 avis the Bolt Thrower (level 3, -2/21 HPs)
             Began as a Kobold Hunter on June 18, 2022.
             Slain by a gnoll
             ... wielding a +0 spear
              (7 damage)
             ... on level 1 of the Dungeon.
             The game lasted 00:03:18 (238 turns).

avis the Bolt Thrower (Kobold Hunter)                Turns: 238, Time: 00:03:19

Health: -2/21      AC:  3    Str:  8    XL:     3   Next: 2%
Magic:  3/3        EV: 14    Int: 10    God:
Gold:   28         SH:  0    Dex: 20    Spells: 2/2 levels left

rFire   . . .      SeeInvis .   a - +1 hand crossbow
rCold   . . .      Faith    .   (no shield)
rNeg    . . .      Spirit   .   e - +0 leather armour
rPois   .          Reflect  .   (no helmet)
rElec   .          Harm     .   (no cloak)
rCorr   .          Rampage  .   (no gloves)
Will    .....                   (no boots)
Stlth   +++.......              (no amulet)
HPRegen 0.07/turn               (no ring)
MPRegen 0.08/turn               (no ring)

@: no status effects
A: small, no large weapons, nightstalker 3
a: no special abilities


You were on level 1 of the Dungeon.
You visited 1 branch of the dungeon, and saw 1 of its levels.

You collected 28 gold pieces.

Inventory:

Hand Weapons
 a - a +1 hand crossbow (weapon)
 b - a +0 short sword
Armour
 e - a +0 leather armour (worn)
Scrolls
 c - a scroll of immolation
 d - a scroll of teleportation {unknown}


   Skills:
 - Level 2.1 Fighting
 * Level 6.4 Crossbows
 - Level 2.4 Dodging
 - Level 1.3 Stealth


You had 2 spell levels left.
You didn't know any spells.
Your spell library was empty.

Dungeon Overview and Level Annotations

Branches:
Dungeon (1/15)

Altars:


Innate Abilities, Weirdness & Mutations

You are small and have problems with some larger weapons.
You are completely attuned to the shadows.


Message History

The endoplasm closely misses you.
Shoot: a) +1 hand crossbow
Press: ? - help, Q - select action Shift-Dir - straight line, f - gnoll, p - endoplasm
Aim: a gnoll, wielding a +0 spear (lightly wounded, 70% to hit)
You shoot a bolt. The bolt hits the endoplasm.
The endoplasm is heavily wounded.
The gnoll closely misses you. The endoplasm barely misses you.
Shoot: a) +1 hand crossbow
Press: ? - help, Q - select action Shift-Dir - straight line, f/p - gnoll
Aim: a gnoll, wielding a +0 spear (lightly wounded, 70% to hit)
You shoot a bolt.
The bolt completely misses the endoplasm.
The bolt closely misses the gnoll.
The gnoll barely misses you. The endoplasm freezes you.
You are frozen.
Shoot: a) +1 hand crossbow
Press: ? - help, Q - select action Shift-Dir - straight line, f/p - gnoll
Aim: a gnoll, wielding a +0 spear (lightly wounded, 70% to hit)
You shoot a bolt. The bolt hits the endoplasm.
You kill the endoplasm!
The gnoll barely misses you.
The gnoll hits you from afar with a +0 spear!
* * * LOW HITPOINT WARNING * * *
You have reached level 3!
Your experience leads to an increase in your attributes!
Increase (S)trength, (I)ntelligence, or (D)exterity?
You feel agile. x2
Shoot: a) +1 hand crossbow
Press: ? - help, Q - select action Shift-Dir - straight line, f/p - gnoll
Aim: a gnoll, wielding a +0 spear (lightly wounded, 71% to hit)
You shoot a bolt. The bolt completely misses the gnoll.
The gnoll misses you.
Shoot: a) +1 hand crossbow
Press: ? - help, Q - select action Shift-Dir - straight line, f/p - gnoll
Aim: a gnoll, wielding a +0 spear (lightly wounded, 71% to hit)
You shoot a bolt. The bolt hits the gnoll!
The gnoll is almost dead.
The gnoll hits you from afar with a +0 spear!
You die...

......... ......... ........ ..
.......## #.# ..#
.....#...#####.#
...##...##.......#.##
#.....###g#........###
#.....#.##.........## ......
##.>#..#@....####....#.. .....
#............# ##...... ....#
##†###........### #.###..
....####..# #).........# #.#
[...#....## ##......##†###.#
...#..#### #........†.##.#
...#.## #.#....#....#.###.
##†#.#########.#....###........
....................###........


You could see a gnoll.

Vanquished Creatures
  3 ball pythons (D:1)
  3 bats (D:1)
  3 endoplasms (D:1)
  2 hobgoblins (D:1)
  A quokka (D:1)
  2 frilled lizards (D:1)
  2 goblins (D:1)
  A kobold (D:1)
  A rat (D:1)
18 creatures vanquished.

Notes
Turn   | Place    | Note
-------+----------+-------------------------------------------
     0 | D:1      | avis the Kobold Hunter began the quest for the Orb.
     0 | D:1      | Reached XP level 1. HP: 12/12 MP: 1/1
    47 | D:1      | Reached XP level 2. HP: 17/17 MP: 2/2
    79 | D:1      | Noticed a floating eye
    81 | D:1      | Reached skill level 6 in Crossbows
   126 | D:1      | Noticed a great orb of eyes
   134 | D:1      | Found a faded altar of an unknown god.
   134 | D:1      | Noticed an eye of devastation
   147 | D:1      | Noticed a floating eye
   237 | D:1      | Reached XP level 3. HP: 5/21 MP: 3/3
   238 | D:1      | Slain by a gnoll

Illustrated notes

Levels and vault maps discovered:
D:1:      shiori_shiawase, layout_rooms, hellmonk_ecumenical_altar_watching_god

Skill      XL: |  1  2 |
---------------+-------+-----
Crossbows      | 6 |  6.4
Fighting       | |  2.1
Dodging        | |  2.4
Stealth        | |  1.3

Action                   || total
-------------------------++-------
 Fire: Hand crossbow     ||    35
Armor: Leather armour    ||     1
Dodge: Dodged            ||    13

Table legend: (Time is in decaauts)
 A = Elapsed time spent in this place.
 B = Non-inter-level travel time spent in this place.
 C = Inter-level travel time spent in this place.
 D = Time resting spent in this place.
 E = Time spent auto-exploring this place.
 F = Levels seen in this place.
 G = Mean time per level.
                   A        B        C        D        E       F      G
               +--------+--------+--------+--------+--------+-----+--------+
         Total |    247 |    247 |      0 |      0 |    167 |   1 |  247.0 |
       Dungeon |    247 |    247 |      0 |      0 |    167 |   1 |  247.0 |
               +--------+--------+--------+--------+--------+-----+--------+

Top non-repeatable levels by time:
     D:1: 247 daAuts
